 Dungeon Crawl Stone Soup version 0.28.0 (webtiles) character file.

Game seed: 7972509090778423186

22 arthad the Shield-Bearer (level 3, -2/25 (29) HPs)
             Began as a Formicid Fighter on Feb 14, 2022.
             Was a Follower of Qazlal.
             Succumbed to an adder's poison
             ... on level 2 of the Dungeon.
             The game lasted 00:01:46 (1038 turns).

arthad the Shield-Bearer (Formicid Fighter)         Turns: 1038, Time: 00:01:47

HP:   -2/25 (29)    AC:  6    Str: 22    XL:     3   Next: 7%
MP:   3/3           EV:  9    Int:  7    God:    Qazlal [*.....]
Gold: 60            SH:  6    Dex: 10    Spells: 2/2 levels left

rFire   . . .      SeeInvis +   a - +0 war axe
rCold   . . .      Faith    .   c - +0 buckler
rNeg    . . .      Spirit   .   b - +0 scale mail
rPois   .          Reflect  .   (helmet unavailable)
rElec   .          Harm     .   (no cloak)
rCorr   .          Rampage  .   (no gloves)
Will    .....                   (no boots)
Stlth   ..........              (no amulet)
HPRegen 0.08/turn               (no ring)
MPRegen 0.08/turn               (no ring)

@: lethally poisoned (-2 -> -10), heavily drained
A: permanent stasis, dig shafts and tunnels, antennae 3, four strong arms
a: Dig, Shaft Self, Renounce Religion


You were on level 2 of the Dungeon.
You worshipped Qazlal.
Qazlal was aware of your devotion.
You visited 1 branch of the dungeon, and saw 2 of its levels.

You collected 60 gold pieces.

Inventory:

Hand Weapons
 a - a +0 war axe (weapon)
Missiles
 j - 2 boomerangs of dispersal
Armour
 b - a +0 scale mail (worn)
 c - a +0 buckler (worn)
Scrolls
 e - a scroll of fear {unknown}
 g - 2 scrolls of enchant weapon {unknown}
 h - a scroll of blinking {unknown}
 k - a scroll of teleportation {unknown}
Potions
 d - a potion of might
 f - a potion of degeneration {unknown}
 i - a potion of mutation {unknown}
 l - a potion of brilliance {unknown}


   Skills:
 + Level 3.6 Fighting
 + Level 2.3 Axes
 + Level 3.6 Armour
 + Level 3.9 Shields


You had 2 spell levels left.
You didn't know any spells.
Your spell library contained the following spells:

 Spells                   Type           Power      Damage    Failure   Level
 Corpse Rot               Necr/Air       0%         N/A       92%         2
 Poisonous Vapours        Pois/Air       0%         N/A       92%         2


Dungeon Overview and Level Annotations

Branches:
Dungeon (2/15)

Altars:
Qazlal


Innate Abilities, Weirdness & Mutations

You cannot be hasted, slowed, berserked, paralysed or teleported.
You can dig through walls and to a lower floor.
You have a pair of large antennae on your head. (SInv)
Your four strong arms can wield two-handed weapons with a shield.


Message History

You feel sick.
You are no longer poisoned.
You block the adder's attack.
You barely miss the adder.
The adder is almost dead.
The adder bites you but does no damage. The adder completely misses you.
You barely miss the adder.
The adder is almost dead.
The adder bites you but does no damage. You block the adder's attack.
You barely miss the adder.
The adder is almost dead.
You block the adder's attack. The adder bites you but does no damage.
You barely miss the adder.
The adder is almost dead.
The adder bites you.
* * * LOW HITPOINT WARNING * * *
The adder bites you but does no damage.
You are too injured to fight recklessly!
Okay, then.
You miss the adder.
The adder is almost dead.
The adder bites you but does no damage.
You closely miss the adder.
The adder is almost dead.
The adder bites you but does no damage. You block the adder's attack.
You miss the adder.
The adder is almost dead.
The adder bites you but does no damage. x2
You miss the adder.
The adder is almost dead.
You block the adder's attack. The adder bites you but does no damage.
You closely miss the adder.
The adder is almost dead.
You block the adder's attack. The adder bites you.
* * * LOW HITPOINT WARNING * * *
You are lethally poisoned!
The adder poisons you!
You barely miss the adder.
The adder is almost dead.
You die...

+.......# #.......#####
#......##...# ##......
#...######..# ......
+...'.@S....#
####...##+#...##.†.##.#
.....<........#.......#
##))........#.......#
#...........#.......+
#...........[.........
#.....................
###.............^.......
..#................


You could see an adder.

Vanquished Creatures
  A worm (D:2)
  A bat (D:1)
  3 endoplasms (D:1)
  2 giant cockroaches (D:1)
  4 goblins
  A hobgoblin (D:2)
  2 frilled lizards (D:1)
  A kobold (D:1)
  2 rats (D:1)
17 creatures vanquished.

Notes
Turn   | Place    | Note
-------+----------+-------------------------------------------
     0 | D:1      | arthad the Formicid Fighter began the quest for the Orb.
     0 | D:1      | Reached XP level 1. HP: 18/18 MP: 1/1
    49 | D:1      | Found a faded altar of an unknown god.
    63 | D:1      | Prayed at the altar of an unknown god.
    63 | D:1      | Became a worshipper of Qazlal Stormbringer
    63 | D:1      | Reached * piety under Qazlal
   207 | D:1      | Reached XP level 2. HP: 24/24 MP: 2/2
   997 | D:2      | Reached XP level 3. HP: 25/25 MP: 3/3
  1037 | D:2      | HP: 1/25 [adder (2)]
  1038 | D:2      | Succumbed to an adder's poison

Illustrated notes

Levels and vault maps discovered:
D:1:      grunt_arrival_lava_bath, layout_basic,
          ebering_ecumenical_altar_sacrificial, grunt_decor_mini_mirrors,
          serial_bayou_crossing
D:2:      layout_basic, hex_large, minivault_11, solitary_fountain,
          minmay_3d_cube

Action                   || total
-------------------------++-------
Melee: War axe           ||    53
Armor: Scale mail        ||    24
Dodge: Dodged            ||    23
Block: Buckler           ||    21
